 Dungeon Crawl Stone Soup version 0.31-a0-667-g39726597b9 (webtiles) character file.

Game seed: 10091809524152686087

221 bjtr the Digger (level 5, 0/28 HPs)
             Began as a Gargoyle Earth Elementalist on Sept 4, 2023.
             Slain by a water moccasin (7 damage)
             ... on level 4 of the Dungeon.
             The game lasted 00:11:59 (3119 turns).

bjtr the Digger (Gargoyle Earth Elementalist)       Turns: 3119, Time: 00:12:00

Health: 0/28       AC: 11    Str: 12    XL:     5   Next: 98%
Magic:  9/10       EV: 11    Int: 17    God:
Gold:   313        SH:  0    Dex: 10    Spells: 2/11 levels left

rFire   + . .        a - +0 flail
rCold   . . .        (no shield)
rNeg    + . .        c - +2 leather armour {rF+}
rPois   ∞            h - +1 helmet
rElec   +            (no cloak)
rCorr   .            (no gloves)
SInv    .            (no boots)
Will    .....        e - amulet of magic regeneration
Stlth   ++           (no ring)
HPRegen 0.24/turn    (no ring)
MPRegen 0.52/turn

%: no passive effects
@: no status effects
A: sickness immunity, AC +4, negative energy resistance 1, electricity
resistance, torment resistance 1, petrification resistance
a: no special abilities


You were on level 4 of the Dungeon.
You visited 1 branch of the dungeon, and saw 4 of its levels.

You collected 313 gold pieces.

Inventory:

Hand Weapons
 a - a +0 flail (weapon)
 f - a +0 mace
 i - a +0 sling
Missiles
 j - 20 poisoned darts
Armour
 c - a +2 leather armour of fire resistance (worn)
 h - a +1 helmet (worn)
Jewellery
 e - an amulet of magic regeneration (around neck)
 p - an amulet of faith
Scrolls
 d - a scroll of amnesia
 o - a scroll of fear
 q - a scroll of teleportation {unknown}
 r - a scroll of immolation {unknown}
Potions
 b - a potion of magic
 k - a potion of enlightenment {unknown}
 l - a potion of lignification
 m - 2 potions of brilliance {unknown}


   Skills:
 + Level 1.3 Armour
 - Level 1.5 Dodging
 - Level 2.1 Stealth
 + Level 3.9 Spellcasting
 - Level 0.7 Transmutations
 + Level 6.0 Earth Magic


You had 2 spell levels left.
You knew the following spells:

 Your Spells              Type           Power      Damage    Failure   Level
a - Sandblast             Erth           46%        2d11      1%          1
b - Passwall              Tmut/Erth      11%        N/A       8%          2
c - Stone Arrow           Conj/Erth      26%        3d8       19%         3
d - Mephitic Cloud        Conj/Pois/Air  3%         N/A       52%         3

Your spell library contained the following spells:

 Spells                   Type           Power      Damage    Failure   Level
 Poisonous Vapours        Pois/Air       6%         N/A       30%         2
 Petrify                  Tmut/Erth      14%        N/A       45%         4
 Freezing Cloud           Conj/Ice/Air   1%         6-21      99%         5


Dungeon Overview and Level Annotations

Branches:
Dungeon (4/15)
 Temple: D:4-7

Altars:
Fedhas


Innate Abilities, Weirdness & Mutations

You are immune to sickness and miasma.
Your stone body is resilient. (AC +4)
You are immune to poison.
You resist negative energy. (rN+)
You are resistant to electric shocks. (rElec)
You are resistant to unholy torment.
You are immune to petrification.


Message History

Unknown command.
Casting: Sandblast (safe; 1% risk of failure)
Confirm with . or Enter, or press ? or * to list all spells.
Aiming: Sandblast (safe; 1% risk of failure)
Press: ? - help, Shift-Dir - straight line, f/p - orc
Aim: an orc, wielding a +0 whip and wearing a +0 leather armour (83% to hit)
The blast of sand misses the water moccasin.
The blast of sand hits something!
The water moccasin bites you. The water moccasin barely misses you.
Unknown command.
Unknown command.
Unknown command.
Casting: Sandblast (safe; 1% risk of failure)
Confirm with . or Enter, or press ? or * to list all spells.
Aiming: Sandblast (safe; 1% risk of failure)
Press: ? - help, Shift-Dir - straight line, f/p - orc
Aim: an orc, wielding a +0 whip and wearing a +0 leather armour (83% to hit)
The blast of sand misses the water moccasin.
The blast of sand hits the orc!
You kill the orc!
The water moccasin bites you but does no damage.
The water moccasin bites you.
Unknown command.
Unknown command.
Casting: Sandblast (safe; 1% risk of failure)
Confirm with . or Enter, or press ? or * to list all spells.
Aiming: Sandblast (safe; 1% risk of failure)
Press: ? - help, Shift-Dir - straight line, f/p - orc
Aim: an orc, wielding a +0 whip and wearing a +0 leather armour (83% to hit)
The blast of sand hits the water moccasin.
The water moccasin is severely wounded.
The water moccasin bites you!
* * * LOW HITPOINT WARNING * * *
The water moccasin bites you but does no damage.
Unknown command.
Unknown command.
You feel better. The water moccasin bites you.
* * * LOW HITPOINT WARNING * * *
The water moccasin bites you!
You die...

+##+##'##'##+
#.....#.o...#
#.....#.ooo.#
###+##'##'### .##
#.olo# .. ##(####.# ##
#. #)o....# ###. ##.##
#S####... #... #...##
#@# #.# ##.##
#....###.# #.# ###..#
#......#.#
#.#####...##
#........# #.#....)###
#..)†#....###.#.##..#
####)#........#.##..#
#####[########.......#
#.))..# #.........#.#
#)#)..# #.####....#.#


You could see a water moccasin, an iguana and 2 orcs.

Vanquished Creatures
  An orc priest (D:3)
  Robin (D:4)
  3 gnolls (D:3)
  4 adders
  2 worms
  2 dart slugs (D:2)
  7 orcs
  3 bats
  8 endoplasms
  3 giant cockroaches
  12 goblins
  11 hobgoblins
  2 quokkas (D:1)
  9 ball pythons
  3 frilled lizards (D:1)
  6 kobolds
  6 rats
83 creatures vanquished.

Vanquished Creatures (collateral kills)
  An adder (D:2)
1 creature vanquished.

Grand Total: 84 creatures vanquished

Notes
Turn   | Place    | Note
-------+----------+-------------------------------------------
     0 | D:1      | bjtr the Gargoyle Earth Elementalist began the quest for
                  | the Orb.
     0 | D:1      | Reached XP level 1. HP: 10/10 MP: 3/3
   275 | D:1      | Reached skill level 4 in Earth Magic
   298 | D:1      | Reached XP level 2. HP: 15/15 MP: 0/5
   872 | D:1      | Reached XP level 3. HP: 19/19 MP: 4/6
  1133 | D:2      | Learned a level 2 spell: Passwall
  1393 | D:2      | Found a faded altar of an unknown god.
  1444 | D:2      | Reached XP level 4. HP: 24/24 MP: 6/8
  1446 | D:2      | Reached skill level 5 in Earth Magic
  1556 | D:2      | Learned a level 3 spell: Stone Arrow
  1560 | D:2      | Learned a level 3 spell: Mephitic Cloud
  2131 | D:3      | Reached XP level 5. HP: 28/28 MP: 5/10
  2537 | D:3      | Reached skill level 1 in Armour
  2995 | D:4      | Noticed Robin
  3001 | D:4      | Killed Robin
  3015 | D:4      | Reached skill level 6 in Earth Magic
  3055 | D:4      | Found a blossoming altar of Fedhas.
  3064 | D:4      | Noticed a water moccasin
  3119 | D:4      | Slain by a water moccasin

Illustrated notes

Levels and vault maps discovered:
D:1:      evilmike_arrival_hilbert_curve, layout_loops_ring,
          hangedman_feature_mirror, amcnicky_mini_pool_small, minmay_vboxes
D:2:      layout_loops_cross, shapermc_ecumenical_altar_notcrosses,
          chequers_serial_rivers_micro_c, palyth_stone_intersect,
          minmay_circle_x
D:3:      layout_loops_cross, grunt_ministairs_6, chequers_serial_rivers_small_3
D:4:      layout_basic, mainiacjoe_overflow_24_doors,
          mainiacjoe_overflow_surrounded_room, uniq_robin, uniq_blork_the_orc,
          uniq_natasha

Skill      XL: |  1  2  3  4  5 |
---------------+----------------+-----
Earth Magic    | 4 5 6 |  6.0
Spellcasting   | 3 |  3.9
Armour         | 1 |  1.3
Dodging        | |  1.5
Stealth        | |  2.1
Transmutations | |  0.7

Action                     |  1- 3 |  4- 6 || total
---------------------------+-------+-------++-------
  Melee: Mace              |    30 |    17 ||    47
         Flail             |       |    12 ||    12
   Cast: Sandblast         |    40 |    63 ||   103
         Passwall          |       |     1 ||     1
    Use: Scroll            |     6 |     5 ||    11
         Potion            |       |     2 ||     2
   Stab: Sleeping          |       |     1 ||     1
 Armour: Robe              |    20 |       ||    20
         Leather armour    |    10 |    59 ||    69
  Dodge: Dodged            |    48 |    47 ||    95

Table legend: (Time is in decaauts)
 A = Elapsed time spent in this place.
 B = Non-inter-level travel time spent in this place.
 C = Inter-level travel time spent in this place.
 D = Time resting spent in this place.
 E = Time spent auto-exploring this place.
 F = Levels seen in this place.
 G = Mean time per level.
                   A        B        C        D        E       F      G
               +--------+--------+--------+--------+--------+-----+--------+
         Total |   3198 |   3025 |    173 |    203 |   2151 |   4 |  799.5 |
       Dungeon |   3198 |   3025 |    173 |    203 |   2151 |   4 |  799.5 |
               +--------+--------+--------+--------+--------+-----+--------+

Top non-repeatable levels by time:
     D:1: 1147 daAuts
     D:3: 903 daAuts
     D:2: 825 daAuts
     D:4: 322 daAuts
